 Dungeon Crawl Stone Soup version 0.30.0-10-gfe55d96785 (webtiles) character file.

Game seed: 3607143217381484860

1683 qw the Cleaver (level 9, -1/55 HPs)
             Began as a Gargoyle Cinder Acolyte on May 17, 2023.
             Was an Elder of Ignis.
             Killed by divine providence
             ... invoked by an orc priest
              (13 damage)
             ... on level 5 of the Dungeon.
             The game lasted 00:02:35 (4864 turns).

qw the Cleaver (Gargoyle Cinder Acolyte)            Turns: 4864, Time: 00:02:36

Health: -1/55      AC: 34    Str: 21    XL:     9   Next: 2%
Magic:  10/10      EV:  6    Int: 16    God:    Ignis [****..]
Gold:   315        SH:  0    Dex:  5    Spells: 10/10 levels left

rFire   + . .        Y - -1 hand axe (protect)
rCold   . . .        (no shield)
rNeg    + . .        g - +0 plate armour
rPois   inf          (no helmet)
rElec   +            (no cloak)
rCorr   .            (no gloves)
SInv    .            k - +0 pair of boots
Will    .....        (no amulet) Stlth
                     (no ring)
HPRegen 0.29/turn    (no ring)
MPRegen 0.12/turn

%: no passive effects
@: under a protective aura, fiery-armoured
A: sickness immunity, AC +6, negative energy resistance 1, electricity
resistance, torment resistance 1, petrification resistance
a: Renounce Religion, Fiery Armour, Foxfire Swarm, Rising Flame


You were on level 5 of the Dungeon.
You worshipped Ignis.
Ignis was greatly pleased with you.
You visited 1 branch of the dungeon, and saw 5 of its levels.

You collected 315 gold pieces.


Innate Abilities, Weirdness & Mutations

You are immune to sickness and miasma.
Your stone body is resilient. (AC +6)
You are immune to poison.
You resist negative energy. (rN+)
You are resistant to electric shocks. (rElec)
You are resistant to unholy torment.
You are immune to petrification.


   Skills:
 + Level 5.8 Fighting
 - Level 8.4 Axes
 - Level 1.5 Throwing
 - Level 5.4 Armour
 - Level 1.0 Spellcasting
 - Level 3.0 Fire Magic


You had 10 spell levels left.
You didn't know any spells.
Your spell library contained the following spells:

 Spells                   Type           Power      Damage    Failure   Level
 Scorch                   Fire           20%        2d5       91%         2

Inventory:

Hand Weapons
 d - a +0 flail of draining
 Y - a -1 hand axe of protection (weapon)
Missiles
 m - 5 boomerangs (quivered)
Armour
 g - a +0 plate armour (worn)
 k - a +0 pair of boots (worn)
Jewellery
 b - a ring of fire
Scrolls
 a - a scroll of vulnerability {unknown}
 c - 2 scrolls of identify
 e - a scroll of enchant weapon {unknown}
 f - a scroll of acquirement {unknown}
Potions
 i - a potion of curing
 l - a potion of cancellation {unknown}

Dungeon Overview and Level Annotations

Branches:
Dungeon (5/15)
 Temple: D:4-7

Altars:
Okawaru


Message History

Autopickup is now on.
Lua error: [string "/dgldir/rcfiles/crawl-bot-0.30/qwlua.rc"]:3701: Cannot currently process new keys (there is pending input) Deactivating autopickup; reactivate with Ctrl-A.
You closely miss something. Something hits you but does no damage.
Autopickup is now on.
Lua error: [string "/dgldir/rcfiles/crawl-bot-0.30/qwlua.rc"]:3701: Cannot currently process new keys (there is pending input) Deactivating autopickup; reactivate with Ctrl-A.
You miss something. Something hits you but does no damage.
Reactivating autopickup.
You feel a bit more experienced.
You hit the orc but do no damage.
Your weapon exudes an aura of protection.
The orc hits you but does no damage.
The orc is burned by your cloak of flames.
The orc is heavily wounded.
You barely miss the orc.
The orc is heavily wounded.
The orc hits you but does no damage.
The orc is burned by your cloak of flames.
The orc is severely wounded.
You hit the orc but do no damage.
The orc is severely wounded.
The orc barely misses you.
You hit the orc.
You kill the orc!
The orc priest hits you but does no damage.
The orc priest is burned by your cloak of flames.
The orc priest is moderately wounded.
Items here: % ))) [[.
You hit the orc priest.
The orc priest is moderately wounded.
The orc priest invokes the aid of Beogh against you.
Beogh smites you!
You hit the orc priest.
The orc priest is heavily wounded.
The orc priest calls down the wrath of Beogh upon you.
Beogh smites you!
You die... #.##.###.# #.#...##.# .... ..#....#.# oo.

.........# .o. .
######.### ..# .. #.#
#o.#... ##.## .......
#...# #######...#.#.
#######.#
#....@oo.....?
~)~...#.#
#.#####...#.##
~~~.8.#.####........##
...8_8#.......####....
~~~.8.#....)..# .....
~(~...#.....#.# ..####
#######.#.###.# #.#
#....#.# .# .#
#....#.# ..


You could see an orc priest and an orc.

Vanquished Creatures
  Grinder (D:3)
  3 yaks (D:5)
  An ice beast (D:5)
  An ogre (D:4)
  2 phantoms
  2 scorpions
  A hound (D:3)
  2 orc priests
  A sleepcap (D:5)
  3 iguanas (D:5)
  6 orc wizards
  Natasha (twice) (D:2)
  3 gnolls (D:3)
  6 adders
  2 ufetubi (D:5)
  25 orcs
  8 ball pythons
  5 bats
  3 endoplasms
  3 giant cockroaches
  4 hobgoblins
  4 jackals (D:5)
  4 kobolds
  3 quokkas (D:4)
  4 frilled lizards
  6 goblins
  3 rats
108 creatures vanquished.

Vanquished Creatures (others)
  An orc wizard (D:4)
1 creature vanquished.

Grand Total: 109 creatures vanquished

Notes
Turn   | Place    | Note
-------+----------+-------------------------------------------
     0 | D:1      | qw the Gargoyle Cinder Acolyte began the quest for the Orb.
     0 | D:1      | Reached XP level 1. HP: 14/14 MP: 2/2
     0 | D:1      | 0 ||| qw: Version: 0.2-a-95-g4c1bab1
     0 | D:1      | 0 ||| qw: Game counter: 121
     0 | D:1      | 0 ||| qw: Always use a shield: true
     0 | D:1      | 0 ||| qw: God list: Okawaru
     0 | D:1      | 0 ||| qw: Allow faded altars: false
     0 | D:1      | 0 ||| qw: Do Orc after D:15 true
     0 | D:1      | 0 ||| qw: Do second Lair branch before Depths: true
     0 | D:1      | 0 ||| qw: Lair rune preference: random
     0 | D:1      | 0 ||| qw: Plans: Normal
     0 | D:1      | 0 ||| PLANNING D:1-11
   152 | D:1      | Reached skill level 3 in Axes
   175 | D:1      | 175 ||| Stepping ~*~*~tactically~*~*~ (hiding).
   178 | D:1      | 178 ||| Stepping ~*~*~tactically~*~*~ (hiding).
   308 | D:1      | 308 ||| Stepping ~*~*~tactically~*~*~ (stealth).
   312 | D:1      | Reached XP level 2. HP: 19/19 MP: 3/3
   825 | D:1      | 825 ||| UPGRADING to +0 plate armour.
   835 | D:1      | 835 ||| DROPPING +0 robe.
   836 | D:1      | 836 ||| UPGRADING to +0 pair of boots.
   841 | D:1      | 841 ||| READING scroll labelled SOOMMUISES.
   842 | D:1      | 842 ||| READING scroll labelled PIJU DISTUBUSS.
   843 | D:1      | 843 ||| READING scroll labelled ESTREA CALIO.
   877 | D:1      | 877 ||| READING scroll labelled ZISUG FIMIBBENK.
   978 | D:1      | 978 ||| READING scroll labelled FAVAOZONEEWU.
  1086 | D:2      | Noticed Natasha
  1092 | D:2      | 1092 ||| INVOKING Fiery Armour.
  1093 | D:2      | HP: 4/19 [Natasha (5)]
  1096 | D:2      | Killed Natasha
  1097 | D:2      | Reached XP level 3. HP: 6/23 MP: 4/4
  1213 | D:2      | 1213 ||| Stepping ~*~*~tactically~*~*~ (hiding).
  1712 | D:2      | Noticed Natasha
  1713 | D:2      | 1713 ||| Stepping ~*~*~tactically~*~*~ (hiding).
  1721 | D:2      | Killed Natasha
  1722 | D:2      | Reached skill level 4 in Axes
  1722 | D:2      | Reached XP level 4. HP: 28/28 MP: 5/5
  1895 | D:2      | 1895 ||| Stepping ~*~*~tactically~*~*~ (hiding).
  1946 | D:2      | 1946 ||| READING scroll labelled DEPERURETZ.
  1947 | D:2      | 1947 ||| READING scroll labelled QAOCVI ICIT.
  1948 | D:2      | 1948 ||| READING scroll labelled VAP VOSAAWOYW.
  1949 | D:2      | 1949 ||| READING scroll labelled UPLERCH XIPP.
  1950 | D:2      | 1950 ||| STAIRDANCE
  1953 | D:1      | 1953 ||| DRINKING 2 ruby potions.
  1954 | D:1      | 1954 ||| READING 2 scrolls of identify.
  1954 | D:1      | 1954 ||| IDENTIFYING metallic silvery potion
  2044 | D:3      | 2044 ||| DROPPING +0 club.
  2060 | D:3      | Noticed Grinder
  2061 | D:3      | 2061 ||| Stepping ~*~*~tactically~*~*~ (stealth).
  2062 | D:3      | 2062 ||| Stepping ~*~*~tactically~*~*~ (hiding).
  2064 | D:3      | 2064 ||| INVOKING Fiery Armour.
  2081 | D:3      | Paralysed by Grinder for 3 turns
  2095 | D:3      | Killed Grinder
  2096 | D:3      | Reached skill level 5 in Axes
  2096 | D:3      | Reached XP level 5. HP: 11/32 MP: 6/6
  2096 | D:3      | Reached XP level 6. HP: 13/37 MP: 7/7
  2187 | D:3      | 2187 ||| DROPPING +0 mace.
  2387 | D:3      | Reached skill level 3 in Armour
  2522 | D:3      | Reached XP level 7. HP: 43/44 MP: 8/8
  2551 | D:3      | Reached skill level 6 in Axes
  2735 | D:3      | 2735 ||| Stepping ~*~*~tactically~*~*~ (hiding).
  3034 | D:4      | 3034 ||| INVOKING Fiery Armour.
  3036 | D:4      | HP: 6/44 [ogre/+0 giant club (7)]
  3037 | D:4      | 3037 ||| READING scroll of teleportation.
  3038 | D:4      | 3038 ||| DRINKING 2 potions of heal wounds.
  3050 | D:4      | 3050 ||| Stepping randomly (disturbance).
  3051 | D:4      | 3051 ||| Stepping randomly (disturbance).
  3159 | D:4      | 3159 ||| Stepping ~*~*~tactically~*~*~ (hiding).
  3166 | D:4      | 3166 ||| DRINKING potion of curing.
  3166 | D:4      | 3166 ||| (to cure confusion)
  3273 | D:4      | 3273 ||| Stepping ~*~*~tactically~*~*~ (hiding).
  3293 | D:4      | Reached skill level 7 in Axes
  3293 | D:4      | Reached XP level 8. HP: 40/48 MP: 9/9
  3323 | D:4      | 3323 ||| DROPPING +0 flail.
  3408 | D:4      | 3408 ||| Stepping ~*~*~tactically~*~*~ (stealth).
  3410 | D:4      | 3410 ||| Stepping ~*~*~tactically~*~*~ (hiding).
  3429 | D:4      | Reached skill level 1 in Throwing
  3761 | D:4      | 3761 ||| Stepping ~*~*~tactically~*~*~ (stealth).
  3908 | D:4      | 3908 ||| READING scroll labelled YTAOPT FAUB.
  3909 | D:4      | 3909 ||| READING scroll labelled ENENOZX WAGUYF.
  3910 | D:4      | 3910 ||| READING 2 scrolls of identify.
  3910 | D:4      | 3910 ||| IDENTIFYING amethyst potion
  3911 | D:4      | 3911 ||| DROPPING potion of degeneration.
  3963 | D:5      | Entered Level 5 of the Dungeon
  3969 | D:5      | 3969 ||| Stepping ~*~*~tactically~*~*~ (stealth).
  3973 | D:5      | 3973 ||| Stepping ~*~*~tactically~*~*~ (stealth).
  4057 | D:5      | 4057 ||| Stepping ~*~*~tactically~*~*~ (stealth).
  4237 | D:5      | 4237 ||| Stepping ~*~*~tactically~*~*~ (stealth).
  4241 | D:5      | 4241 ||| Stepping ~*~*~tactically~*~*~ (stealth).
  4243 | D:5      | 4243 ||| Stepping ~*~*~tactically~*~*~ (stealth).
  4261 | D:5      | 4261 ||| Stepping ~*~*~tactically~*~*~ (stealth).
  4263 | D:5      | 4263 ||| Stepping ~*~*~tactically~*~*~ (stealth).
  4299 | D:5      | Noticed a yak
  4321 | D:5      | Noticed a yak
  4326 | D:5      | Noticed a yak
  4326 | D:5      | HP: 11/49 [yak (9)]
  4327 | D:5      | 4327 ||| DRINKING 2 potions of heal wounds.
  4332 | D:5      | Killed a yak
  4335 | D:5      | 4335 ||| INVOKING Fiery Armour.
  4337 | D:5      | HP: 12/49 [yak (3)]
  4338 | D:5      | 4338 ||| DRINKING potion of heal wounds.
  4347 | D:5      | Killed a yak
  4349 | D:5      | HP: 12/49 [yak (2)]
  4349 | D:5      | Killed a yak
  4350 | D:5      | Reached skill level 8 in Axes
  4522 | D:5      | Found an iron altar of Okawaru.
  4832 | D:5      | Reached XP level 9. HP: 54/54 MP: 10/10
  4834 | D:5      | 4834 ||| Stepping ~*~*~tactically~*~*~ (hiding).
  4836 | D:5      | 4836 ||| Stepping ~*~*~tactically~*~*~ (hiding).
  4837 | D:5      | 4837 ||| Stepping ~*~*~tactically~*~*~ (hiding).
  4853 | D:5      | 4853 ||| INVOKING Fiery Armour.
  4863 | D:5      | HP: 12/55 [orc priest/divine providence (10)]
  4864 | D:5      | Killed from afar by an orc priest

Levels and vault maps discovered:
D:1:      matt_arrival_refuge, layout_loops_cross
D:2:      layout_basic, minmay_pentomino_z2, uniq_natasha
D:3:      layout_basic, uniq_grinder
D:4:      layout_loops_ring
D:5:      layout_loops_cross, kennysheep_okawaru_gauntlet

Skill      XL: |  1  2  3  4  5  6  7  8 |
---------------+-------------------------+-----
Axes           | 3 4 5 7 8 |  8.4
Armour         | 2 3 4 5 |  5.4
Fighting       | 4 5 |  5.8
Throwing       | 1 |  1.5
Spellcasting   | |  1.0
Fire Magic     | |  3.0

Action                     |  1- 3 |  4- 6 |  7- 9 || total
---------------------------+-------+-------+-------++-------
  Melee: Hand axe          |    48 |    88 |   459 ||   595
         Punch             |       |     1 |     4 ||     5
  Throw: Boomerang         |       |    19 |    40 ||    59
         Javelin           |       |       |    16 ||    16
 Invoke: Fiery Armour      |     1 |     1 |     3 ||     5
    Use: Scroll            |     5 |     5 |     4 ||    14
         Potion            |       |     1 |     4 ||     5
 Armour: Robe              |     7 |       |       ||     7
         Plate armour      |    17 |    72 |   341 ||   430
  Dodge: Dodged            |    22 |    16 |    81 ||   119

Table legend:
 A = Non-vault XP
 B = Vault XP
 C = Vault XP percentage of total XP
 D = Non-vault monster count
 E = Vault monster count
 F = Vault count percentage of total count
                 A         B        C        D         E       F
            +---------+---------+-------+---------+---------+-------
      Total |    2077 |     328 |  13.6 |     103 |       6 |   5.5
            +---------+---------+-------+---------+---------+-------
        D:1 |      17 |       0 |   0.0 |      11 |       0 |   0.0
        D:2 |      57 |      38 |  40.0 |       7 |       3 |  30.0
        D:3 |     327 |     286 |  46.7 |      22 |       1 |   4.3
        D:4 |     549 |       0 |   0.0 |      36 |       0 |   0.0
        D:5 |    1127 |       4 |   0.4 |      27 |       2 |   6.9
            +---------+---------+-------+---------+---------+-------
